 Dungeon Crawl Stone Soup version 0.30-a0-777-ga9a30cbeda (webtiles) character file.

Game seed: 8164211926866336838

22778 browni3141 the Skirmisher (level 13, 0/118 HPs)
             Began as a Naga Warper on Feb 14, 2023.
             Was a High Priest of Cheibriados.
             Slain by an elephant (13 damage)
             ... on level 3 of the Lair of Beasts.
             The game lasted 00:51:04 (16509 turns).

browni3141 the Skirmisher (Naga Warper)            Turns: 16509, Time: 00:51:05

Health: 0/118      AC:  8    Str: 23    XL:     13   Next: 2%
Magic:  19/19      EV: 12    Int: 33    God:    Cheibriados [*****.]
Gold:   225        SH:  0    Dex: 30    Spells: 7/20 levels left

rFire   + + .      SeeInvis +    I - +9 arbalest of the Trees {drain, rF+ Str-5 Dex+3}
rCold   . . .      Faith    .    (shield currently unavailable)
rNeg    . . .      Spirit   .    O - +0 acid dragon scales
rPois   +          Reflect  .    (no helmet)
rElec   .          Harm     .    G - +0 cloak
rCorr   +          Rampage  .    (no gloves)
Will    +....                    (no barding)
Stlth   +++++++                  (no amulet)
HPRegen 0.39/turn                D - +6 ring of intelligence
MPRegen 0.16/turn                Y - ring "Dyhe" {rF+ Stlth+}

@: very slow
A: AC +4, large, see invisible, deformed body, poison resistance, slowness 2,
spit poison 1, naga tail 2
a: Spit Poison, Renounce Religion, Bend Time, Temporal Distortion, Slouch, Step
From Time


You were on level 3 of the Lair of Beasts.
You worshipped Cheibriados.
Cheibriados was extremely pleased with you.
You visited 3 branches of the dungeon, and saw 15 of its levels.
You also visited: Sewer.

You collected 747 gold pieces.
You spent 522 gold pieces at shops.

Inventory:

Hand Weapons
 a - a +0 spear
 b - a +0 sling
 p - a +2 antimagic short sword
 t - a +1 short sword of draining
 v - a +0 trident
 B - a +0 shortbow
 I - the +9 arbalest of the Trees (weapon) {drain, rF+ Str-5 Dex+3}
   (You acquired it on level 9 of the Dungeon)

   Str:       It affects your strength (-5).
   Dex:       It affects your dexterity (+3).
   rF:        It protects you from fire.
Missiles
 d - 9 boomerangs of dispersal
 e - 13 boomerangs
 r - 34 poisoned darts
 R - 3 silver boomerangs
 Z - 3 curare-tipped darts
Armour
 f - a +0 leather armour
 G - a +0 cloak (worn)
 O - +0 acid dragon scales (worn)
Jewellery
 l - a ring of resist corrosion
 D - a +6 ring of intelligence (left hand)
 J - a ring of positive energy
 X - a ring of flight
 Y - the ring "Dyhe" (right hand) {rF+ Stlth+}
   (You bought it in a shop on level 11 of the Dungeon)

   [ring of protection from fire]

   rF:        It protects you from fire.
   Stlth:     It makes you more stealthy.
Wands
 y - a wand of paralysis (9)
 K - a wand of iceblast (8)
 P - a wand of quicksilver (11)
Scrolls
 c - 3 scrolls of blinking
 g - 5 scrolls of noise
 h - 4 scrolls of enchant weapon
 k - 3 scrolls of teleportation
 s - 3 scrolls of fear
 x - 2 scrolls of fog
 E - 3 scrolls of immolation
 F - a scroll of enchant armour
 H - 2 scrolls of amnesia
 N - 4 scrolls of brand weapon
 T - a scroll of vulnerability
 U - 3 scrolls of poison
 W - a scroll of silence {unknown}
Potions
 i - 4 potions of mutation
 j - 2 potions of heal wounds
 m - a potion of ambrosia {unknown}
 n - a potion of invisibility {unknown}
 o - 6 potions of brilliance {unknown}
 q - 8 potions of curing
 u - a potion of cancellation {unknown}
 w - 5 potions of flight {unknown}
 z - a potion of haste {unknown}
 A - 5 potions of attraction {unknown}
 C - 6 potions of lignification {unknown}
 L - a potion of berserk rage {unknown}
 M - 3 potions of might {unknown}
 Q - 2 potions of degeneration {unknown}
Miscellaneous
 S - a box of beasts (inert)


   Skills:
 + Level 8.4 Fighting
 - Level 2.1 Polearms
 * Level 12.4 Ranged Weapons
 - Level 1.1 Throwing
 - Level 1.3 Armour
 - Level 3.0 Dodging
 + Level 11.9 Stealth
 - Level 4.0 Spellcasting
 - Level 3.0 Hexes
 - Level 6.0 Translocations
 - Level 3.0 Fire Magic
 - Level 3.0 Air Magic
 + Level 8.7 Invocations
 - Level 2.0 Evocations


You had 7 spell levels left.
You knew the following spells:

 Your Spells              Type           Power      Damage    Failure   Level
a - Blink                 Tloc           92%        N/A       1%          2
b - Lesser Beckoning      Tloc           92%        N/A       1%          2
c - Teleport Other        Tloc           46%        N/A       1%          3
d - Vhi's Electric Charg  Tloc/Air       72%        N/A       3%          3
e - Inner Flame           Hex/Fire       26%        N/A       6%          3

Your spell library contained the following spells:

 Spells                   Type           Power      Damage    Failure   Level
 Foxfire                  Conj/Fire      64%        2x1d7     3%          1
 Kindle Blastsparks       Fire/Tloc/Air  66%        2d15      3%          3
 Static Discharge         Conj/Air       32%        2-4/arc   5%          2
 Manifold Assault         Tloc           46%        N/A       5%          4
 Passage of Golubria      Tloc           46%        N/A       5%          4
 Tukima's Dance           Hex            26%        N/A       6%          3
 Magic Dart               Conj           24%        1d4       7%          1
 Passwall                 Tmut/Erth      5%         N/A       10%         2
 Searing Ray              Conj           12%        2d4       10%         2
 Sublimation of Blood     Necr           6%         N/A       10%         2
 Wereblood                Tmut           6%         N/A       10%         2
 Ignite Poison            Fire/Tmut/Pois 13%        N/A       13%         3
 Flame Wave               Conj/Fire      16%        2d7       34%         4
 Fulminant Prism          Conj/Hex       8%         3d6       34%         4
 Sticky Flame             Conj/Fire      16%        2d4       34%         4
 Silence                  Hex/Air        13%        N/A       47%         5
 Animate Armour           Summ/Erth      12%        N/A       54%         4
 Petrify                  Tmut/Erth      6%         N/A       54%         4
 Arcjolt                  Conj/Air       8%         1d18      69%         5
 Fireball                 Conj/Fire      8%         3d6       69%         5
 Lightning Bolt           Conj/Air       8%         1d20      69%         5
 Yara's Violent Unravell  Hex/Tmut       8%         3d5       69%         5
 Freezing Cloud           Conj/Ice/Air   6%         6-21      77%         5
 Irradiate                Conj/Tmut      3%         3d12      88%         5
 Starburst                Conj/Fire      8%         6d4       99%         6
 Enfeeble                 Hex            13%        N/A       100%        7
 Summon Hydra             Summ           3%         N/A       100%        7
 Lehudib's Crystal Spear  Conj/Erth      3%         10d2      100%        8


Dungeon Overview and Level Annotations

Branches:
Dungeon (11/15)            Temple (1/1) D:5            Lair (3/5) D:11
 Shoals (0/4) Lair:2          Orc (0/2) D:10          Sewer (visited)
  Snake: Lair:2-3    Spider: Lair:2-3

Altars:
Ashenzari
Cheibriados
Dithmenos
Elyvilon
Fedhas
Gozag
Hepliaklqana
Kikubaaqudgha
Makhleb
Nemelex Xobeh
Okawaru
Qazlal
Ru
Sif Muna
Trog
Uskayaw
Vehumet
Wu Jian
Xom
Yredelemnul
Zin
The Shining One

Shops:
D:11 =

Annotations:
D:7 exclusion: steam dragon


Innate Abilities, Weirdness & Mutations

Your serpentine skin is tough. (AC +4)
You have supernaturally acute eyesight. (SInv)
Armour fits poorly on your strangely shaped body.
Your system is resistant to poisons. (rPois)
You cover ground very slowly.
You can spit poison.
You can use your snake-like lower body to constrict enemies.


Message History

You kill the elephant!
Cheibriados thoroughly appreciates the change of pace.
You hear a bellow!
A yak comes into view.
The elephant is engulfed in poison gas.
The elephant looks even sicker.
The elephant barely misses you. The elephant closely misses you.
The yak is engulfed in poison gas.
The yak looks even sicker. x2
The yak is poisoned.
A yak comes into view.
The elephant tramples you!
You stumble backwards!
The yak moves out of view.
Fire: I) +9 arbalest of the Trees {drain, rF+ Str-5 Dex+3}
Press: ? - help, Q - select action, (/) - cycle Shift-Dir - straight line, f - elephant
Aim: an elephant (poison gas, lightly wounded, poisoned, 93% to hit)
You shoot a bolt. The yak bellows!
The bolt hits the elephant!!!
You drain the elephant.
The elephant is severely wounded.
You hear a bellow!
The elephant is engulfed in poison gas.
The elephant looks even sicker.
The yak is engulfed in poison gas.
The yak looks even sicker.
The yak is engulfed in poison gas.
The yak looks even sicker.
The yak is engulfed in poison gas.
The yak looks even sicker.
The yak is engulfed in poison gas.
The yak is poisoned.
The elephant is engulfed in poison gas.
The elephant looks even sicker.
The elephant tramples you but does no damage.
The elephant trunk-slaps you but does no damage.
The yak is engulfed in poison gas.
The yak looks as sick as possible!
A yak comes into view.
The yak is engulfed in poison gas.
The yak looks as sick as possible!
The yak gores you!
* * * LOW HITPOINT WARNING * * *
The yak is engulfed in poison gas.
The yak looks even sicker.
The elephant is engulfed in poison gas.
The elephant looks even sicker.
The elephant tramples you!
* * * LOW HITPOINT WARNING * * *
You hold your ground!
The elephant trunk-slaps you but does no damage.
The elephant is engulfed in poison gas.
The elephant looks as sick as possible!
The elephant tramples you!
You die...

...#..##......P........
..........§........§§§###
......##..§§...#...§§§§§.
.....###..§§§#... §§§§§§.
.#..^.##..§§§§..# §§§§§..
#..#......§§§§§§##§§§##§.
...........#§§§§§.?§§§§§.
##.P......§§§§§§YY§§§§§§.
#........§§§§§§@YY§Y#.#.
##.......§§§§§#§#Y#.#
###.....§§§§.###.§...
##†...§§§#.P# .#§Y...
#####†....§§......##.lY§.
#.##.#...##........ .YY.
....††............##


#YY ##..............### ..........##.P##.# You could see 2 elephants, a skyshark
(very poisoned) and 9 yaks.

Vanquished Creatures
  Sonja (Lair:1)
  2 skysharks
  7 elephants
  A cyclops (D:11)
  3 black mambas
  5 cane toads
  Maggie (D:8)
  An unseen horror (D:8)
  2 rime drakes
  4 komodo dragons
  2 polar bears (Lair:1)
  Prince Ribbit (D:8)
  2 trolls
  A wraith (D:11)
  3 wyverns
  36 yaks
  A shadow (D:11)
  A human (D:10)
  Eustachio (D:5)
  Grum (D:9)
  A warg (D:10)
  2 acid dragons
  10 water moccasins
  2 orc warriors
  2 ice beasts
  A sky beast (D:8)
  A black bear (D:6)
  An ogre (D:5)
  9 wolves
  6 centaurs
  2 phantoms (D:6)
  6 kobold brigands
  13 bullfrogs
  2 scorpions
  A necrophage (D:7)
  3 wights (D:10)
  A killer bee (D:8)
  9 howler monkeys
  3 jellies
  9 orc priests
  2 gnoll boudas
  4 hounds
  2 iguanas
  12 orc wizards
  2 hound zombies (D:5)
  7 gnolls
  5 river rats (Sewer)
  13 adders
  A shadow imp (D:7)
  5 white imps
  2 ufetubi
  A worm (D:3)
  A dart slug (D:1)
  38 orcs
  9 ball pythons
  3 bats
  6 endoplasms
  5 giant cockroaches
  7 goblins
  6 hobgoblins
  9 jackals
  4 quokkas
  2 frilled lizards (D:1)
  29 kobolds
  10 rats
345 creatures vanquished.

Vanquished Creatures (others)
  A quokka (D:11)
  14 fungi
  41 plants
56 creatures vanquished.

Grand Total: 401 creatures vanquished

Notes
Turn   | Place    | Note
-------+----------+-------------------------------------------
     0 | D:1      | browni3141 the Naga Warper began the quest for the Orb.
     0 | D:1      | Reached XP level 1. HP: 19/19 MP: 3/3
   125 | D:1      | Reached skill level 1 in Throwing
   178 | D:1      | Reached XP level 2. HP: 25/26 MP: 5/5
   270 | D:1      | Reached skill level 1 in Armour
   396 | D:1      | Learned a level 2 spell: Blink
   516 | D:1      | Reached XP level 3. HP: 31/32 MP: 6/6
  1147 | D:2      | Reached skill level 1 in Stealth
  1845 | D:2      | Reached XP level 4. HP: 40/40 MP: 7/7
  2054 | D:3      | Reached skill level 1 in Ranged Weapons
  2112 | D:3      | Noticed a +0 dagger
  2112 | D:3      | Noticed a +0 dagger
  2193 | D:3      | Found a hide-covered altar of Uskayaw.
  2454 | D:3      | Found a bloodstained altar of Trog.
  2521 | D:3      | Reached skill level 2 in Ranged Weapons
  2529 | D:3      | Reached XP level 5. HP: 42/46 MP: 5/8
  2624 | D:3      | Learned a level 2 spell: Lesser Beckoning
  2628 | D:3      | Learned a level 3 spell: Teleport Other
  2710 | D:3      | Found an opulent altar of Gozag.
  2992 | D:4      | Reached XP level 6. HP: 56/56 MP: 9/9
  3258 | D:4      | Reached skill level 3 in Ranged Weapons
  3789 | D:5      | Entered Level 5 of the Dungeon
  3884 | D:5      | Found a basalt altar of Yredelemnul.
  3912 | D:5      | Found a glowing drain.
  3958 | Sewer    | Entered a sewer
  3996 | Sewer    | Reached XP level 7. HP: 36/64 MP: 10/10
  4359 | Sewer    | Reached skill level 4 in Ranged Weapons
  5061 | D:5      | Found a hazy altar of Hepliaklqana.
  5133 | D:5      | Reached skill level 5 in Ranged Weapons
  5207 | D:5      | Noticed Eustachio
  5257 | D:5      | Found a staircase to the Ecumenical Temple.
  5278 | D:5      | HP: 2/64 [centaur (5)]
  5282 | Temple   | Entered the Ecumenical Temple
  5648 | Temple   | Became a worshipper of Cheibriados the Contemplative
  5981 | D:5      | Reached XP level 8. HP: 42/72 MP: 8/11
  6138 | D:5      | Reached skill level 6 in Ranged Weapons
  7407 | D:5      | Killed Eustachio
  7408 | D:5      | Reached skill level 7 in Ranged Weapons
  7408 | D:5      | Reached skill level 1 in Invocations
  7564 | D:6      | Found an ancient bone altar of Kikubaaqudgha.
  7571 | D:6      | Found a sacrificial altar of Ru.
  7762 | D:6      | Reached skill level 5 in Stealth
  7768 | D:6      | Reached * piety under Cheibriados
  7974 | D:6      | Found a shadowy altar of Dithmenos.
  8368 | D:6      | Reached XP level 9. HP: 51/78 MP: 9/12
  8481 | D:6      | Found a stormy altar of Qazlal.
  9566 | D:7      | Reached skill level 5 in Invocations
  9933 | D:7      | Found an ornate altar of the Wu Jian Council.
  9935 | D:7      | Found a broken altar of Ashenzari.
 10340 | D:8      | Reached skill level 8 in Ranged Weapons
 10649 | D:8      | Noticed Prince Ribbit
 10664 | D:8      | Reached skill level 1 in Evocations
 10679 | D:8      | Killed Prince Ribbit
 10699 | D:8      | Noticed Maggie
 10990 | D:8      | Reached ** piety under Cheibriados
 11132 | D:8      | Reached skill level 9 in Ranged Weapons
 11419 | D:8      | Found a radiant altar of Vehumet.
 11513 | D:8      | Noticed an unseen horror
 11613 | D:8      | Reached XP level 10. HP: 87/87 MP: 10/13
 11759 | D:8      | Killed an unseen horror
 11759 | D:8      | Killed Maggie
 11760 | D:8      | Reached skill level 5 in Fighting
 11988 | D:9      | Learned a level 3 spell: Vhi's Electric Charge
 12382 | D:9      | Reached skill level 1 in Air Magic
 12546 | D:9      | Identified a scroll of acquirement
 12577 | D:9      | Reached *** piety under Cheibriados
 12579 | D:9      | Noticed Grum
 12586 | D:9      | Killed Grum
 12893 | D:9      | Acquired the +9 arbalest of the Trees {drain, rF+ Str-5
                  | Dex+3}
 12936 | D:10     | Entered Level 10 of the Dungeon
 12970 | D:10     | Reached **** piety under Cheibriados
 13043 | D:10     | Found a shimmering blue altar of Sif Muna.
 13120 | D:10     | Found a staircase to the Orcish Mines.
 13138 | D:10     | Reached skill level 5 in Translocations
 13292 | D:10     | Reached skill level 10 in Ranged Weapons
 13292 | D:10     | Reached XP level 11. HP: 97/97 MP: 15/15
 13666 | D:11     | Noticed a cyclops
 13672 | D:11     | Killed a cyclops
 13836 | D:11     | Found a staircase to the Lair.
 13958 | D:11     | Found Ojerhimonosu's Jewellery Emporium.
 13967 | D:11     | Bought the ring "Dyhe" {rF+ Stlth+} for 522 gold pieces
 14159 | D:11     | Found a white marble altar of Elyvilon.
 14263 | D:11     | Reached ***** piety under Cheibriados
 14484 | D:11     | Learned a level 3 spell: Inner Flame
 14490 | Lair:1   | Entered Level 1 of the Lair of Beasts
 14531 | Lair:1   | Reached skill level 1 in Hexes
 14531 | Lair:1   | Reached skill level 1 in Fire Magic
 14722 | Lair:1   | Reached XP level 12. HP: 32/109 MP: 4/17
 14728 | Lair:1   | Reached skill level 11 in Ranged Weapons
 15148 | Lair:1   | Noticed Sonja
 15152 | Lair:1   | Killed Sonja
 15153 | Lair:1   | Reached skill level 10 in Stealth
 15282 | Lair:1   | Identified the +7 short sword of Uncomfortable Rashes
                  | {freeze, rF+}
 15286 | Lair:1   | Got Nodghan's Cyclopedia of Bedrock and Geometries
 16017 | Lair:2   | Found a staircase to the Shoals.
 16424 | Lair:3   | Reached skill level 12 in Ranged Weapons
 16474 | Lair:3   | Gained mutation: You can use your snake-like lower body to
                  | constrict enemies. [Naga growth]
 16474 | Lair:3   | Reached XP level 13. HP: 43/118 MP: 11/19
 16509 | Lair:3   | Slain by an elephant

Illustrated notes

Levels and vault maps discovered:
D:1:      dpeg_arrival_shelter, layout_basic
D:2:      layout_basic, serial_curves, eino_curves_02, eino_curves_03,
          eino_curves_01, grunt_ministairs_6
D:3:      layout_basic, nicolae_gozag_cash_rules_everything_around_me,
          dancing_weapons_uskayaw, trog_antimagical
D:4:      layout_basic
D:5:      layout_basic, old_standard_altar, lemuel_zombie_altar_yredelemnul,
          minmay_temple_entry_statues_fountains, portal_sewer_entry_f,
          uniq_eustachio
D:6:      layout_basic, grunt_qazlal_clouds,
          mainiacjoe_overflow_large_starburst, nicolae_dithmenos_the_darkroom
D:7:      layout_basic, gammafunk_temple_overflow_statue,
          kennysheep_generic_room_8
D:8:      layout_basic, nicolae_vehumet_radiance, minmay_diced_spiral,
          uniq_maggie, uniq_prince_ribbit1
D:9:      layout_roguey, nicolae_concentric_dashed_squares_mild, uniq_grum
D:10:     layout_rooms, nicolae_sif_muna_condensation, erik_orc_4
D:11:     layout_loops_corners, david_lair_shrubbed, serial_shops, shop,
          elyvilon_altar_4
Temple:   chequers_temple_sunken
Lair:1:   layout_chaotic_city, grunt_megastairs_1, uniq_sonja
Lair:2:   layout_loops_ring, minmay_shoals_entry_centaurs,
          infiniplex_staircase_pool
Lair:3:   layout_misc_corridors, dummy_spider_entry, gauntlet_entry_generic

Skill      XL: |  1  2  3  4  5  6  7  8  9 10 11 12 |
---------------+-------------------------------------+-----
Throwing       | 1 |  1.1
Armour         | 1 |  1.3
Stealth        | 1 3 6 8 9 11 | 11.9
Ranged Weapons | 2 3 5 7 9 10 12 | 12.4
Fighting       | 3 4 6 7 8 |  8.4
Translocations | 4 5 6 |  6.0
Invocations    | 4 5 6 7 8 |  8.7
Evocations     | 2 |  2.0
Dodging        | 2 3 |  3.0
Air Magic      | 3 |  3.0
Spellcasting   | 3 4 |  4.0
Hexes          | 2 3 |  3.0
Fire Magic     | 2 3 |  3.0
Polearms       | |  2.1

Action                     |  1- 3 |  4- 6 |  7- 9 | 10-12 | 13-15 || total
---------------------------+-------+-------+-------+-------+-------++-------
  Melee: Spear             |    60 |   128 |    57 |       |       ||   245
         Short sword       |       |     2 |     1 |       |       ||     3
         Punch             |       |     1 |     3 |       |       ||     4
   Fire: Sling             |    18 |   100 |   194 |       |       ||   312
         Shortbow          |       |       |   188 |   122 |       ||   310
         Arbalest          |       |       |       |   268 |     7 ||   275
  Throw: Dart              |       |       |    13 |       |       ||    13
   Cast: Blink             |     8 |     7 |    52 |    16 |       ||    83
         Teleport Other    |       |       |     9 |       |       ||     9
         Lesser Beckoning  |       |       |     1 |       |       ||     1
         Inner Flame       |       |       |       |     2 |       ||     2
 Invoke: Bend Time         |       |       |     1 |     2 |       ||     3
         Slouch            |       |       |       |     3 |       ||     3
Ability: Spit Poison       |    40 |    44 |    89 |    11 |       ||   184
  Evoke: Wand              |       |       |     5 |     8 |       ||    13
         Box of beasts     |       |       |       |     1 |       ||     1
    Use: Scroll            |     2 |     4 |     4 |     9 |     1 ||    20
         Potion            |       |       |       |     1 |       ||     1
   Stab: Sleeping          |       |     1 |     1 |       |       ||     2
         Paralysed         |       |       |     5 |       |       ||     5
 Armour: Leather armour    |    23 |    48 |   126 |     2 |       ||   199
         Acid dragon scale |       |       |       |    64 |     5 ||    69
  Dodge: Dodged            |    53 |   108 |   188 |   102 |    10 ||   461

Table legend: (Time is in decaauts)
 A = Elapsed time spent in this place.
 B = Non-inter-level travel time spent in this place.
 C = Inter-level travel time spent in this place.
 D = Time resting spent in this place.
 E = Time spent auto-exploring this place.
 F = Levels seen in this place.
 G = Mean time per level.
                   A        B        C        D        E       F      G
               +--------+--------+--------+--------+--------+-----+--------+
         Total |  25346 |  24724 |    622 |   2525 |  18586 |  16 | 1584.1 |
       Dungeon |  19349 |  18958 |    391 |   2106 |  14175 |  11 | 1759.0 |
        Temple |    478 |    397 |     81 |      0 |    386 |   1 |  478.0 |
          Lair |   4221 |   4073 |    148 |    222 |   3218 |   3 | 1407.0 |
         Sewer |   1296 |   1296 |      0 |    197 |    804 |   1 | 1296.0 |
               +--------+--------+--------+--------+--------+-----+--------+

Top non-repeatable levels by time:
     D:5: 3095 daAuts
     D:8: 2407 daAuts
     D:6: 2306 daAuts
    D:11: 2255 daAuts
  Lair:2: 2038 daAuts
  Lair:1: 1932 daAuts
     D:7: 1924 daAuts
     D:9: 1459 daAuts
     D:1: 1352 daAuts
     D:2: 1348 daAuts
   Sewer: 1296 daAuts
     D:3: 1117 daAuts
     D:4: 1041 daAuts
    D:10: 1040 daAuts
  Temple: 478 daAuts
